Map: [ESL] Data-C

Players

Botvinnik - Winner!

  • Race: Terran Terran
  • Spawn Location: 3:00

Gerald

  • Race: Protoss Protoss
  • Spawn Location: 9:00

Event: DreamHack SC2 Masters 2022 Valencia

VOD

Have the link to the VOD?

Description

Time

  • Played on: July 1, 2022, 11:14 a.m.
  • Length: 9:09

All games in this series

Show
View Real Time Build Order
Export as new Build Order

Botvinnik Terran - Winner!

Build Orders: Reaper Expand 

Get SALT Encoding   

  12  0:00  SCV  
  13  0:12  SCV  
  14  0:17  Supply Depot  
  14  0:25  SCV  
  15  0:38  SCV  
  15  0:40  Barracks  
  16  0:43  Refinery  
  16  0:51  SCV  
  17  1:03  SCV  
  18  1:17  SCV  
  19  1:30  Orbital Command, Reaper  
  20  1:51  Command Center  
  20  1:56  Supply Depot  
  20  1:58  SCV  
  21  2:15  SCV  
  22  2:17  Factory  
  22  2:18  Marine  
  23  2:27  SCV  
  24  2:37  Barracks Reactor  
  24  2:39  SCV  
  25  2:47  Refinery  
  25  2:51  SCV  
  26  3:01  Hellion  
  26  3:03  SCV  
  26  3:04  Orbital Command  
  29  3:08  Starport  
  29  3:13  Marine x2  
  29  3:15  SCV  
  32  3:24  Factory Tech Lab  
  32  3:27  SCV  
  32  3:30  Marine x2  
  34  3:34  SCV  
  35  3:42  SCV  
  36  3:48  Marine x2  
  36  3:50  SCV, Factory Tech Lab  
  36  3:51  Raven  
  36  3:54  SCV  
  42  3:55  Barracks  
  42  3:59  Supply Depot  
  42  4:02  Refinery  
  42  4:11  SCV  
  42  4:12  SCV, Marine x2  
  46  4:21  Siege Tank  
  48  4:29  SCV  
  48  4:30  Marine x2  
  47  4:43  SCV x2  
  47  4:45  Barracks  
  49  4:48  Marine x2  
  49  4:50  Bunker  
  49  4:53  Siege Tank  
  49  4:57  Stimpack, Marauder  
  54  5:01  Refinery  
  54  5:02  Supply Depot  
  54  5:07  Supply Depot  
  54  5:09  Marine x2  
  54  5:10  SCV x2, Medivac  
  60  5:20  Marauder  
  62  5:24  SCV x2  
  62  5:26  Supply Depot  
  62  5:28  Siege Tank  
  67  5:30  Marine x2  
  69  5:36  SCV  
  69  5:37  Barracks Tech Lab  
  69  5:39  SCV  
  69  5:40  Engineering Bay  
  69  5:42  Starport Reactor  
  71  5:46  Marauder  
  73  5:50  Marine  
  73  5:51  Marine  
  73  5:55  Combat Shield  
  73  5:56  Marine  
  76  6:01  Barracks  
  73  6:11  Siege Tank  
  74  6:13  Marauder  
  74  6:14  Terran Infantry Weapons Level 1  
  74  6:17  Marine x3  
  79  6:25  Barracks  
  79  6:36  Marine x3  
  79  6:38  SCV x2  
  78  6:42  Marine, Medivac x2  
  83  6:48  Siege Tank  
  83  6:51  Supply Depot  
  86  6:55  Marine  
  86  6:58  Supply Depot  
  86  6:59  Marine  
  86  7:00  Marine, Supply Depot  
  86  7:10  Supply Depot  
  86  7:13  SCV x2, Marine x4  
  92  7:17  Marine  
  92  7:18  Marine  
  92  7:20  Medivac x2  
  98  7:30  Supply Depot  
  98  7:31  Marine x4  
  98  7:35  Marine  
  98  7:36  Marine  
  104  7:48  Marine x4  
  108  7:53  Siege Tank, Marine  
  108  7:54  Marine  
  113  8:06  Marine x4  
  113  8:10  Marine  
  113  8:12  Marine  
  118  8:24  Marine  
  118  8:25  Siege Tank  
  88  8:27  Marine x2, Marauder  
  88  8:31  Marine x2  
  82  8:43  Marine  
  82  8:45  Marine, Marauder  
Show
View Real Time Build Order
Export as new Build Order

Gerald Protoss 

Build Orders: 1 Gate Expand, Blink Stalkers 

Get SALT Encoding   

  12  0:00  Probe  
  13  0:12  Probe  
  14  0:18  Pylon  
  14  0:24  Probe (Chrono Boost)  
  15  0:38  Probe (Chrono Boost)  
  15  0:39  Gateway  
  16  0:43  Probe (Chrono Boost)  
  17  0:53  Probe  
  17  0:56  Assimilator  
  18  1:05  Probe  
  19  1:17  Probe  
  20  1:27  Nexus  
  20  1:31  Probe  
  21  1:41  Cybernetics Core  
  21  1:43  Probe  
  22  1:50  Assimilator  
  22  1:55  Probe  
  22  2:00  Pylon  
  23  2:16  Adept (Chrono Boost)  
  23  2:18  Probe  
  26  2:30  Warp Gate, Probe  
  26  2:31  Twilight Council  
  26  2:41  Stalker (Chrono Boost)  
  27  2:46  Probe x2  
  29  2:58  Probe x2  
  31  3:02  Blink (Chrono Boost)  
  31  3:10  Probe x2  
  33  3:14  Adept  
  35  3:22  Probe  
  35  3:23  Gateway  
  35  3:25  Probe  
  37  3:34  Probe  
  37  3:37  Probe  
  39  3:41  Robotics Facility  
  39  3:46  Probe  
  39  3:47  Stalker  
  42  3:49  Probe  
  43  3:57  Gateway  
  43  3:59  Probe  
  43  4:01  Pylon  
  44  4:09  Probe  
  45  4:11  Probe  
  45  4:12  Gateway  
  46  4:21  Probe  
  46  4:23  Probe  
  48  4:24  Pylon  
  44  4:33  Nexus  
  44  4:36  Observer (Chrono Boost), Probe  
  46  4:42  Stalker x2  
  51  4:51  Assimilator  
  52  4:53  Warp Prism (Chrono Boost)  
  52  4:57  Assimilator  
  52  4:58  Stalker  
  54  5:03  Probe  
  54  5:05  Pylon  
  56  5:10  Stalker x2  
  59  5:15  Stalker  
  61  5:22  Probe  
  61  5:23  Probe  
  61  5:25  Robotics Bay  
  63  5:32  Observer  
  63  5:34  Probe  
  65  5:38  Probe  
  65  5:44  Pylon  
  65  5:48  Stalker x2  
  65  5:49  Stalker x2  
  74  5:50  Probe (Chrono Boost)  
  74  5:51  Probe (Chrono Boost)  
  74  5:54  Probe (Chrono Boost)  
  76  6:00  Probe (Chrono Boost)  
  76  6:01  Probe (Chrono Boost)  
  76  6:09  Probe (Chrono Boost)  
  71  6:13  Charge  
  71  6:14  Probe  
  71  6:16  Adept x2  
  71  6:17  Probe, Adept x2  
  81  6:22  Probe  
  82  6:31  Colossus (Chrono Boost)  
  80  6:41  Probe x3  
  80  6:43  Gateway  
  80  6:45  Gateway  
  80  6:46  Gateway  
  83  6:51  Zealot x4  
  83  6:53  Probe x2  
  93  6:57  Extended Thermal Lance  
  93  7:00  Pylon  
  92  7:10  Gateway  
  92  7:12  Shield Battery  
  92  7:14  Pylon x2  
  91  7:17  Colossus (Chrono Boost)  
  97  7:26  Pylon  
  97  7:30  Zealot x2  
  97  7:32  Probe  
  102  7:42  Zealot  
  102  7:43  Zealot x4  
  108  7:46  Probe  
  108  7:48  Pylon  
  110  7:59  Pylon  
  110  8:02  Shield Battery, Zealot x2  
  110  8:03  Zealot x5  
  123  8:07  Templar Archives  
  123  8:09  Colossus (Chrono Boost)  
  129  8:18  Shield Battery  
  129  8:24  Zealot x6  
  95  8:35  Zealot  
  95  8:36  Zealot  
  99  8:45  Zealot x3  
  99  8:46  Zealot  
  83  8:48  Zealot x2  
  61  8:55  Probe  
  61  9:00  High Templar x2  
  60  9:06  Stalker x3  

Tags
 
Add a new tag
Caveats
  • Supply blocks, unpowered buildings, or Contaminate may cause inaccurate times.
  • Supply counts are checked every 10 seconds.